 Dungeon Crawl Stone Soup version 0.31-a0-1074-g0b22e4e0f1 (webtiles) character file.

Game seed: 11145138401296085162

8708 BigPumpCobain the Grappler (level 11, -5/113 HPs)
             Began as a Troll Shapeshifter on Dec 4, 2023.
             Was a Follower of Wu Jian.
             Slain by an eight-headed hydra (8 damage)
             ... on level 1 of the Lair of Beasts.
             The game lasted 00:21:49 (8329 turns).

BigPumpCobain the Grappler (Troll Shapeshifter)     Turns: 8329, Time: 00:21:50

Health: -5/113     AC: 10    Str: 28    XL:     11   Next: 13%
Magic:  10/10      EV:  9    Int:  6    God:    Wu Jian [*.....]
Gold:   697        SH:  0    Dex:  9    Spells: 10/10 levels left

rFire   . .          .
                       - Unarmed
rCold   + . .        (no shield)
rNeg    . . .        Z - +2 acid dragon scales
rPois   +            (helmet currently unavailable)
rElec   .            (cloak currently unavailable)
rCorr   +            (gloves unavailable)
SInv    .            (boots unavailable)
Will    +....        (no amulet)
Stlth   +            G - ring of poison resistance
HPRegen 1.18/turn    s - ring "Pabusom" {rC+ Will+ Slay+3}
MPRegen 0.12/turn

%: no passive effects
@: beast-form
A: beast (slay +4), large, unfitting armour, claws 3, regeneration 1, shaggy fur
1, tough skin 1
a: Begin Untransformation, Renounce Religion


You were on level 1 of the Lair of Beasts.
You worshipped Wu Jian.
Wu Jian was aware of your devotion.
You were a hulking beast.
You visited 3 branches of the dungeon, and saw 13 of its levels.
You also visited: Ossuary.

You collected 697 gold pieces.

Inventory:

Hand Weapons
 m - a +5 hand axe of freezing
 H - a +4 trident of draining
 L - the +6 halberd of Mirafuep {freeze, rElec}
   (You found it on level 5 of the Dungeon)

   rElec:     It insulates you from electricity.
Armour
 Z - +2 acid dragon scales (worn)
Jewellery
 i - a ring of see invisible
 p - a +6 ring of intelligence
 s - the ring "Pabusom" (right claw) {rC+ Will+ Slay+3}
   (You found it on level 4 of the Dungeon)

   [ring of willpower]

   Slay+3:    It affects your accuracy & damage with ranged weapons and melee
   (+3).
   rC+:       It protects you from cold.
   Will+:     It increases your willpower.
 y - a ring of flight
 G - a ring of poison resistance (left claw)
 T - a ring of resist corrosion
Talismans
 c - a beast talisman (active)
 d - a flux talisman
 r - a blade talisman
 w - a dragon-blood talisman
Wands
 x - a wand of polymorph (12)
 z - a wand of roots (33)
 J - a wand of digging (7)
 K - a wand of charming (21)
 R - a wand of flame (31)
 U - a wand of acid (12)
Scrolls
 e - a scroll of noise
 g - 7 scrolls of teleportation
 j - 2 scrolls of fog
 k - 3 scrolls of enchant weapon
 u - a scroll of fear
 v - 2 scrolls of revelation
 A - 2 scrolls of amnesia
 B - 3 scrolls of vulnerability
 C - 4 scrolls of poison
 F - 2 scrolls of immolation
 V - a scroll of brand weapon {unknown}
 X - 2 scrolls of butterflies {unknown}
 Y - a scroll of blinking {unknown}
Potions
 a - 2 potions of mutation {unknown}
 h - 5 potions of curing
 n - 4 potions of haste {unknown}
 q - 2 potions of berserk rage {unknown}
 t - 2 potions of attraction {unknown}
 D - 2 potions of cancellation {unknown}
 E - 2 potions of brilliance {unknown}
 I - 5 potions of degeneration {unknown}
 P - a potion of enlightenment {unknown}
 Q - 2 potions of might {unknown}
 S - 2 potions of invisibility {unknown}
 W - a potion of lignification


   Skills:
 + Level 8.6 Fighting
 - Level 1.5 Dodging
 + Level 10.5 Unarmed Combat
 + Level 9.7 Shapeshifting


You had 10 spell levels left.
You didn't know any spells.
Your spell library contained the following spells:

 Spells                   Type           Power      Damage    Failure   Level
 Kiss of Death            Conj/Necr      0%         2d5       52%         1
 Ignite Poison            Fire/Tmut/Pois 0%         N/A       88%         3
 Manifold Assault         Tloc           0%         N/A       99%         4
 Agony                    Necr           0%         N/A       100%        5
 Iskenderun's Battlesphe  Conj           0%         2d6       100%        5
 Bombard                  Conj/Erth      0%         9d1       100%        6
 Dispersal                Tloc           0%         N/A       100%        6
 Spellforged Servitor     Conj/Summ      0%         N/A       100%        7
 Disjunction              Tloc           0%         N/A       100%        8


Dungeon Overview and Level Annotations

Branches:
Dungeon (11/15)            Temple (1/1) D:7            Lair (1/5) D:8
Ossuary (visited)
    Orc: D:9-12

Altars:
Ashenzari
Cheibriados
Dithmenos
Elyvilon
Fedhas
Gozag
Hepliaklqana
Kikubaaqudgha
Makhleb
Nemelex Xobeh
Okawaru
Qazlal
Ru
Sif Muna
Trog
Uskayaw
Vehumet
Wu Jian
Xom
Yredelemnul
Zin
The Shining One

Shops:
D:3 [   D:6 (

Annotations:
D:3 1 runed translucent door, Crazy Yiuf


Innate Abilities, Weirdness & Mutations

You are a hulking beast.
Your limbs bulge with bestial killing power. (Slay +4)
You are too large for most types of armour.
You have claws for hands.
Your natural rate of healing is unusually fast.
You are covered in fur. (AC +1)
You have tough skin. (AC +1)


Message History

The five-headed hydra bites you! The five-headed hydra bites you.
You tear one of the five-headed hydra's heads off!
The four-headed hydra grows two more!
You mangle the six-headed hydra!!
The six-headed hydra is heavily wounded.
The six-headed hydra bites you but does no damage.
The six-headed hydra bites you!
The six-headed hydra completely misses you.
The six-headed hydra bites you! x3
You scratch the six-headed hydra.
The six-headed hydra is severely wounded.
You barely miss the six-headed hydra.
The six-headed hydra is severely wounded.
The six-headed hydra bites you!
The six-headed hydra closely misses you.
The six-headed hydra bites you. The six-headed hydra bites you!
The six-headed hydra bites you but does no damage.
The six-headed hydra barely misses you.
You claw one of the six-headed hydra's heads off!
The five-headed hydra grows two more!
You scratch the seven-headed hydra.
The seven-headed hydra is heavily wounded.
The seven-headed hydra bites you but does no damage.
The seven-headed hydra bites you. The seven-headed hydra bites you!
* * * LOW HITPOINT WARNING * * *
The seven-headed hydra bites you.
* * * LOW HITPOINT WARNING * * *
The seven-headed hydra bites you but does no damage.
The seven-headed hydra bites you!
* * * LOW HITPOINT WARNING * * *
The seven-headed hydra barely misses you.
You tear one of the seven-headed hydra's heads off!
The six-headed hydra grows two more!
You mangle the eight-headed hydra!!
The eight-headed hydra is severely wounded.
The eight-headed hydra bites you.
* * * LOW HITPOINT WARNING * * *
The eight-headed hydra barely misses you.
The eight-headed hydra bites you but does no damage. x2
The eight-headed hydra bites you!
* * * LOW HITPOINT WARNING * * *
The eight-headed hydra bites you!
You die...

## #.# #.# #.# P+### #.#
......##### #.# #
......Dh#.######.# #
.>....#........#.#######
..... ##P#.###.....†....
.... ##### ###..#.###.
... #.#### ## .. #..# .
#..## ###...# ##.##'###


You could see an eight-headed hydra.

Vanquished Creatures
  Pikel (D:8)
  The ghost of ChaoticPyre the Cudgeller, a novice DsGl of Makhleb (D:6)
  Maggie (D:8)
  3 cane toads (Lair:1)
  Jeremiah (D:8)
  A kobold demonologist (D:9)
  A troll (D:9)
  Prince Ribbit (D:7)
  A wraith (Ossuary)
  7 yaks
  3 steam dragons
  3 vampire mosquitoes (D:10)
  5 water moccasins
  An acid dragon (D:10)
  4 orc warriors
  2 ice beasts
  A sky beast (D:8)
  A black bear (D:8)
  3 ogres
  3 phantoms
  A centaur (D:9)
  A lemure (D:8)
  Blork the orc (D:4)
  A kobold brigand (D:9)
  3 bullfrogs
  4 scorpions
  8 wights
  3 killer bees (D:8)
  3 orc priests
  4 hounds
  2 jellies
  Terence (D:2)
  Jessica (D:2)
  5 iguanas
  5 orc wizards
  3 mummies (Ossuary)
  11 adders
  A shadow imp (D:6)
  A white imp (D:7)
  2 ufetubi (D:6)
  A worm (D:3)
  A dart slug (D:4)
  38 orcs
  5 bats
  4 endoplasms
  2 giant cockroaches
  A gnoll zombie (Ossuary)
  6 hobgoblins
  10 jackals
  7 kobolds
  6 quokkas
  6 ball pythons
  3 frilled lizards
  2 goblins (D:4)
  4 goblin zombies (Ossuary)
  4 hobgoblin zombies (Ossuary)
  3 kobold zombies (Ossuary)
  3 rats
211 creatures vanquished.

Notes
Turn   | Place    | Note
-------+----------+-------------------------------------------
     0 | D:1      | BigPumpCobain the Troll Shapeshifter began the quest for
                  | the Orb.
     0 | D:1      | Reached XP level 1. HP: 18/18 MP: 0/0
   276 | D:1      | Reached skill level 1 in Fighting
   315 | D:1      | Reached XP level 2. HP: 16/27 MP: 1/1
   617 | D:2      | Noticed Jessica
   626 | D:2      | Killed Jessica
   627 | D:2      | Reached XP level 3. HP: 16/35 MP: 2/2
   868 | D:2      | Reached XP level 4. HP: 34/42 MP: 3/3
   919 | D:2      | Noticed Terence
   929 | D:2      | Killed Terence
   936 | D:3      | Found Anuopu's Armour Emporium.
   946 | D:3      | Reached skill level 4 in Unarmed Combat
  1258 | D:3      | Reached XP level 5. HP: 50/50 MP: 4/4
  1320 | D:3      | Found a hide-covered altar of Uskayaw.
  1959 | D:3      | Found a runed translucent door.
  1960 | D:3      | Noticed Crazy Yiuf
  1998 | D:3      | You fall into a shaft and drop 1 floor!
  2018 | D:4      | Noticed an orc warrior
  2027 | D:4      | HP: 2/42 [goblin/+0 club (2)]
  2033 | D:4      | Killed an orc warrior
  2034 | D:4      | Reached XP level 6. HP: 59/59 MP: 5/5
  2205 | D:4      | Identified the ring "Pabusom" {rC+ Will+ Slay+3}
  2318 | D:4      | Reached skill level 5 in Unarmed Combat
  2386 | D:4      | Noticed Blork the orc
  2397 | D:4      | Killed Blork the orc
  2398 | D:4      | Reached XP level 7. HP: 45/67 MP: 6/6
  2424 | D:4      | Found a sand-covered staircase.
  2485 | D:4      | Reached skill level 5 in Shapeshifting
  2623 | Ossuary  | Entered an ossuary
  2623 | Ossuary  | Noticed a wraith
  2623 | Ossuary  | Noticed a wraith
  2623 | Ossuary  | Noticed a wraith
  2886 | Ossuary  | Noticed a wraith
  2892 | Ossuary  | Killed a wraith
  3210 | D:5      | Entered Level 5 of the Dungeon
  3241 | D:5      | Reached skill level 6 in Unarmed Combat
  3281 | D:5      | Reached XP level 8. HP: 50/79 MP: 7/7
  3375 | D:5      | Identified the +6 halberd of Mirafuep {freeze, rElec}
  3503 | D:5      | Found a shadowy altar of Dithmenos.
  3504 | D:5      | Found a broken altar of Ashenzari.
  3684 | D:5      | Reached skill level 5 in Fighting
  4015 | D:6      | Reached skill level 7 in Unarmed Combat
  4151 | D:6      | Found a radiant altar of Vehumet.
  4165 | D:6      | Found Fof Put's Weapon Emporium.
  4369 | D:6      | Found a runed translucent gate.
  4369 | D:6      | Found a runed translucent gate.
  4383 | D:6      | Found a runed translucent gate.
  4388 | D:6      | Noticed ChaoticPyre's ghost (novice DsGl)
  4396 | D:6      | Killed ChaoticPyre's ghost
  4397 | D:6      | Reached XP level 9. HP: 84/89 MP: 8/8
  4694 | D:7      | Reached skill level 8 in Unarmed Combat
  4775 | D:7      | Found a staircase to the Ecumenical Temple.
  4904 | D:7      | Noticed Prince Ribbit
  4912 | D:7      | Killed Prince Ribbit
  5149 | D:7      | HP: 3/64 [wight/+0 long sword (7)]
  5314 | Temple   | Entered the Ecumenical Temple
  5333 | Temple   | Became a worshipper of the Wu Jian Council
  5370 | D:8      | Noticed Jeremiah
  5419 | D:8      | Killed Jeremiah
  5591 | D:8      | Noticed Pikel
  5602 | D:8      | Killed Pikel
  5603 | D:8      | Reached skill level 9 in Unarmed Combat
  5603 | D:8      | Reached XP level 10. HP: 70/101 MP: 9/9
  5632 | D:8      | Found a staircase to the Lair.
  6054 | D:8      | Noticed Maggie
  6060 | D:8      | Killed Maggie
  6294 | D:9      | Reached * piety under Wu Jian
  6722 | D:9      | Found a sacrificial altar of Ru.
  6926 | D:9      | Reached skill level 10 in Unarmed Combat
  7101 | D:10     | Entered Level 10 of the Dungeon
  7329 | D:10     | Got the Commentary on Torrid Spooky Magic
  7795 | D:10     | Reached XP level 11. HP: 100/113 MP: 10/10
  7833 | D:10     | Found a glowing silver altar of Zin.
  8039 | Lair:1   | Entered Level 1 of the Lair of Beasts
  8322 | Lair:1   | Noticed a four-headed hydra
  8329 | Lair:1   | HP: 3/113 [eight-headed hydra (7)]
  8329 | Lair:1   | Slain by an eight-headed hydra

Illustrated notes

Levels and vault maps discovered:
D:1:      nicolae_arrival_washed_ashore, layout_basic
D:2:      layout_rooms, nicolae_half_adder, uniq_jessica, uniq_terence
D:3:      layout_loops_corners, mainiacjoe_overflow_alcove_1, serial_shops,
          nicolae_shop_tiny_glass, uniq_crazy_yiuf_cottage
D:4:      layout_rooms, nicolae_ossuary_entry_false_entrances,
          kennysheep_generic_room_11, uniq_blork_the_orc
D:5:      cheibrodos_two_vegetables, layout_basic, minitemple,
          chequers_serial_rivers_micro_b
D:6:      layout_loops_cross, vehumet_altar_wand_db, ebering_ghost_rock_garden,
          serial_shops, shop, minivault_10
D:7:      layout_basic, minmay_temple_entry_offerings, uniq_prince_ribbit1
D:8:      layout_gridville, lair_entry_dummy, kennysheep_generic_room_3,
          uniq_pikel, uniq_maggie, uniq_jeremiah
D:9:      layout_grid_maze, mainiacjoe_overflow_cross_hatched
D:10:     layout_basic, lemuel_crystal_altar
D:11:     layout_irregular_city, serial_shops, kennysheep_mini, uniq_snorg
Temple:   nicolae_temple_slightly_damp_pantheon
Lair:1:   layout_roguey, chequers_serial_rivers_marsh

Skill      XL: |  1  2  3  4  5  6  7  8  9 10 |
---------------+-------------------------------+-----
Fighting       | 1 2 3 4 6 7 8 |  8.6
Unarmed Combat | 4 5 6 7 9 10 | 10.5
Shapeshifting  | 4 5 7 8 9 |  9.7
Dodging        | |  1.5

Action                     |  1- 3 |  4- 6 |  7- 9 | 10-12 || total
---------------------------+-------+-------+-------+-------++-------
  Melee: Unarmed           |    64 |   121 |   234 |   131 ||   550
         Punch             |     1 |     1 |     6 |     4 ||    12
Ability: Lunge             |       |       |     7 |    16 ||    23
         Begin Untransform |       |       |     1 |       ||     1
    Use: Potion            |       |     6 |     4 |       ||    10
         Scroll            |       |       |       |    12 ||    12
   Stab: Sleeping          |       |     1 |       |       ||     1
 Armour: Animal skin       |    75 |   106 |   142 |    10 ||   333
         Skin              |       |    67 |     8 |       ||    75
         Acid dragon scale |       |       |       |   108 ||   108
  Dodge: Dodged            |    46 |    62 |    74 |    43 ||   225
   Form: Blade             |       |       |     1 |       ||     1
         Beast             |       |       |     1 |       ||     1
         Flux              |       |       |     1 |       ||     1

Table legend: (Time is in decaauts)
 A = Elapsed time spent in this place.
 B = Non-inter-level travel time spent in this place.
 C = Inter-level travel time spent in this place.
 D = Time resting spent in this place.
 E = Time spent auto-exploring this place.
 F = Levels seen in this place.
 G = Mean time per level.
                   A        B        C        D        E       F      G
               +--------+--------+--------+--------+--------+-----+--------+
         Total |   8272 |   7817 |    455 |    285 |   6171 |  14 |  590.9 |
       Dungeon |   7542 |   7126 |    416 |    213 |   5699 |  11 |  685.6 |
        Temple |     38 |      1 |     37 |      0 |      0 |   1 |   38.0 |
          Lair |    283 |    283 |      0 |     72 |    169 |   1 |  283.0 |
       Ossuary |    407 |    407 |      0 |      0 |    303 |   1 |  407.0 |
               +--------+--------+--------+--------+--------+-----+--------+

Top non-repeatable levels by time:
     D:9: 1000 daAuts
    D:10: 850 daAuts
     D:3: 806 daAuts
     D:4: 802 daAuts
     D:8: 777 daAuts
     D:6: 743 daAuts
     D:5: 719 daAuts
     D:7: 658 daAuts
     D:1: 610 daAuts
     D:2: 571 daAuts
 Ossuary: 407 daAuts
  Lair:1: 283 daAuts
  Temple: 38 daAuts
    D:11: 1 daAuts
